 Dungeon Crawl Stone Soup version 0.28.0-43-g3370ac3207 (webtiles) character file.

Game seed: 462855498682808910

251 zeratav the Insei (level 6, -2/38 HPs)
             Began as an Octopode Transmuter on Apr 1, 2022.
             Slain by a gnoll
             ... wielding a +0 club
              (6 damage)
             ... on level 3 of the Dungeon.
             The game lasted 00:14:38 (3599 turns).

zeratav the Insei (Octopode Transmuter)             Turns: 3599, Time: 00:14:38

Health: -2/38      AC:  2    Str:  9    XL:     6   Next: 13%
Magic:  8/10       EV: 19    Int: 24    God:
Gold:   58         SH:  0    Dex: 17    Spells: 7/11 levels left

rFire   . . .      SeeInvis .     - Unarmed
rCold   . . .      Faith    .   (shield currently unavailable)
rNeg    . . .      Spirit   .   (helmet currently unavailable)
rPois   x          Reflect  .   (no amulet)
rElec   .          Harm     .   h - +6 ring of intelligence
rCorr   .          Rampage  .   (no ring)
Will    .....                   (no ring)
Stlth   ++........              (no ring)
HPRegen 0.12/turn               (no ring)
MPRegen 0.12/turn               (no ring)
                                (no ring)
                                (no ring)

@: spider-form
A: venomous fangs, almost no armour, (amphibious), 8 rings, tiny, (camouflage
1), (gelatinous body 1), (nimble swimmer 1), (tentacles)
a: End Transformation


You were on level 3 of the Dungeon.
You were a venomous arachnid creature.
You visited 1 branch of the dungeon, and saw 4 of its levels.

You collected 58 gold pieces.

Inventory:

Hand Weapons
 c - a +0 hunting sling
Missiles
 e - 4 poisoned darts
 f - 3 boomerangs
Jewellery
 h - a +6 ring of intelligence (left front leg)
Wands
 k - a wand of flame (17)
Scrolls
 b - 4 scrolls of identify {unknown}
 d - 2 scrolls of enchant weapon {unknown}
 g - 2 scrolls of fear {unknown}
 n - a scroll of teleportation {unknown}
Potions
 a - a potion of flight {unknown}
 i - a potion of attraction {unknown}
 j - a potion of brilliance {unknown}
 l - a potion of degeneration {unknown}
 m - 2 potions of curing {unknown}


   Skills:
 + Level 1.3 Fighting
 + Level 2.5 Dodging
 + Level 4.9 Unarmed Combat
 + Level 3.0 Spellcasting
 + Level 2.6 Transmutations
 * Level 2.5 Poison Magic


You had 7 spell levels left.
You knew the following spells:

 Your Spells              Type           Power      Damage    Failure   Level
a - Beastly Appendage     Tmut           32%        N/A       12%         1
b - Spider Form           Tmut/Pois      16%        N/A       26%         3

Your spell library contained the following spells:

 Spells                   Type           Power      Damage    Failure   Level
 Wereblood                Tmut           16%        N/A       16%         2
 Ice Form                 Ice/Tmut       10%        N/A       73%         4


Dungeon Overview and Level Annotations

Branches:
Dungeon (4/15)
 Temple: D:4-7

Altars:

Annotations:
D:3 2 transporters, Icepheonix32's ghost, amateur MfSu


Innate Abilities, Weirdness & Mutations

You are a venomous arachnid creature.
You have poisonous fangs.
You are tiny and dextrous.
Your spellcasting is less reliable in this form.
Your armour is entirely melded.
You are incapable of wielding weapons or throwing items.
You cannot wear most types of armour.
((You are amphibious.))
You can wear up to eight rings at the same time.
((Your skin changes colour to match your surroundings (Stealth+).))
((Your rubbery body absorbs attacks. (AC +1, EV +1)))
((You are camouflaged when in or above water. (Stealth+)))
((You have tentacles for arms and can constrict up to eight enemies at once.))


Message History

You climb downwards.
Found an escape hatch in the floor.
There is a stone staircase leading up here.
Casting: Spider Form (dangerous; 11% risk of failure)
Confirm with . or Enter, or press ? or * to list all spells.
You turn into a venomous arachnid creature.
The gnoll shouts! x2; You hear a shout!
The gnoll hits you with a +0 club. The gnoll misses you. x2
You bite the gnoll!
The gnoll is severely wounded.
You hit the gnoll.
The gnoll is poisoned.
The gnoll is severely wounded.
The gnoll hits you with a +0 club! The gnoll misses you. x2
A gnoll comes into view. It is wielding a +0 spear.
You hit the gnoll.
The gnoll is almost dead.
You kill the gnoll!
The gnoll misses you.
The gnoll hits you from afar with a +0 spear!
The gnoll misses you.
You hit the gnoll but do no damage.
The gnoll is poisoned.
The gnoll barely misses you. The gnoll closely misses you.
The gnoll barely misses you.
You barely miss the gnoll. The gnoll hits you with a +0 club.
The gnoll closely misses you. The gnoll barely misses you.
You hit the gnoll.
The gnoll looks even sicker.
The gnoll is moderately wounded.
The gnoll closely misses you. x2; The gnoll completely misses you.
The gnoll misses you.
The gnoll hits you from afar with a +0 spear.
* * * LOW HITPOINT WARNING * * *
The gnoll hits you from afar with a +0 halberd!
* * * LOW HITPOINT WARNING * * *
You climb upwards.
Level annotation: 2 transporters, Icepheonix32's ghost, amateur MfSu
There is a stone staircase leading down here.
You hit the gnoll.
The gnoll looks as sick as possible!
The gnoll is severely wounded.
The gnoll hits you with a +0 club.
You die...

#.##.# #.#.......###..#
#.##.# ##.#.####.## ##.#
#.##.# #..#.# ##.###..#
#....# #.##.######.#..####
#######.# #.#.#.............#
........###.##.########.###.#
#######........#......†.# #.#
# #......).#.##########.# #
#........#s#.)).......#
#........g.#.##########
##.......###.#
########.......# #.#
...............# #.#
################ #.# #.# #
#.# # #.#


You could see a gnoll (extremely poisoned).

Vanquished Creatures
  A black bear (D:2)
  Jessica (D:3)
  A killer bee zombie (D:3)
  A gnoll (D:4)
  2 adders
  A worm (D:3)
  2 dart slugs (D:2)
  6 orcs (D:3)
  7 ball pythons
  7 bats
  7 endoplasms
  2 giant cockroaches (D:3)
  5 goblins
  7 hobgoblins
  2 jackals (D:2)
  5 kobolds
  2 quokkas (D:2)
  4 frilled lizards
  3 rats
66 creatures vanquished.

Vanquished Creatures (others)
  6 plants (D:3)
6 creatures vanquished.

Grand Total: 72 creatures vanquished

Notes
Turn   | Place    | Note
-------+----------+-------------------------------------------
     0 | D:1      | zeratav the Octopode Transmuter began the quest for the
                  | Orb.
     0 | D:1      | Reached XP level 1. HP: 13/13 MP: 3/3
   216 | D:1      | Reached XP level 2. HP: 14/18 MP: 5/5
   405 | D:1      | Reached skill level 1 in Poison Magic
   830 | D:1      | Reached XP level 3. HP: 23/23 MP: 6/6
  1130 | D:2      | Found a faded altar of an unknown god.
  1577 | D:2      | Reached XP level 4. HP: 21/28 MP: 5/7
  1656 | D:2      | Learned a level 3 spell: Spider Form
  1851 | D:2      | Noticed a black bear
  1858 | D:2      | Killed a black bear
  1859 | D:2      | Reached skill level 4 in Unarmed Combat
  1859 | D:2      | Reached XP level 5. HP: 3/33 MP: 5/9
  2789 | D:3      | Noticed Icepheonix32's ghost (amateur MfSu)
  2809 | D:3      | Found a transporter.
  2835 | D:3      | Found a transporter.
  3285 | D:3      | Noticed Jessica
  3291 | D:3      | Killed Jessica
  3292 | D:3      | Reached XP level 6. HP: 23/38 MP: 6/10
  3599 | D:3      | Slain by a gnoll

Illustrated notes

Levels and vault maps discovered:
D:1:      minmay_arrival_jagged, layout_loops_ring
D:2:      layout_loops_corners, hellmonk_ecumenical_altar_pennies_from_heaven,
          st_stairs_7, minmay_misc_feat_square
D:3:      layout_loops_ring, gammafunk_ghost_gnarly_gnolls, uniq_jessica
D:4:      layout_basic, nicolae_elyvilon_peaceful_grove,
          mainiacjoe_overflow_paths

Skill      XL: |  1  2  3  4  5 |
---------------+----------------+-----
Poison Magic   | 1 2 |  2.5
Unarmed Combat | 4 |  4.9
Spellcasting   | 3 |  3.0
Fighting       | |  1.3
Dodging        | |  2.5
Transmutations | |  2.6

Action                   |  1- 3 |  4- 6 || total
-------------------------+-------+-------++-------
Melee: Unarmed           |    69 |    82 ||   151
       Constrict         |    23 |     5 ||    28
       Tentacles         |    20 |     6 ||    26
       Kick              |     5 |       ||     5
       Punch             |     1 |     1 ||     2
 Cast: Beastly Appendage |     5 |     1 ||     6
       Spider Form       |       |    11 ||    11
 Stab: Sleeping          |     3 |     1 ||     4
Armor: Skin              |     7 |     4 ||    11
Dodge: Dodged            |    45 |    72 ||   117
